 Dungeon Crawl Stone Soup version 0.30-a0-161-gdd60e06945 (webtiles) character file.

Game seed: 1502676740382689973

139 qw the Shield-Bearer (level 5, 0/32 HPs)
             Began as a Gargoyle Fighter on Sept 27, 2022.
             Killed by nerve-wracking pain
             ... invoked by Grinder
              (1 damage)
             ... on level 3 of the Dungeon.
             The game lasted 00:00:50 (2119 turns).

qw the Shield-Bearer (Gargoyle Fighter)             Turns: 2119, Time: 00:00:51

Health: 0/32       AC: 15    Str: 21    XL:     5   Next: 22%
Magic:  5/5        EV:  8    Int:  9    God:
Gold:   168        SH: 11    Dex:  7    Spells: 4/4 levels left

rFire   . . .      SeeInvis +    Y - +0 war axe
rCold   . . .      Faith    .    f - +3 kite shield of Mental Paralysis {Harm rElec Dex-2 SInv}
rNeg    + . .      Spirit   .    j - +0 plate armour
rPois   inf        Reflect  .    (no helmet)
rElec   +          Harm     +    (no cloak)
rCorr   .          Rampage  .    (no gloves)
Will    .....                    (no boots)
Stlth   ..........               (no amulet)
HPRegen 0.10/turn                e - +4 ring of evasion
MPRegen 0.09/turn                (no ring)

@: no status effects
A: sickness immunity, AC +4, negative energy resistance 1, electricity
resistance, torment resistance 1, petrification resistance
a: no special abilities


You were on level 3 of the Dungeon.
You visited 1 branch of the dungeon, and saw 3 of its levels.

You collected 168 gold pieces.


Innate Abilities, Weirdness & Mutations

You are immune to sickness and miasma.
Your stone body is resilient. (AC +4)
You are immune to poison.
You resist negative energy. (rN+)
You are resistant to electric shocks. (rElec)
You are resistant to unholy torment.
You are immune to petrification.


   Skills:
 - Level 3.2 Fighting
 - Level 4.0 Axes
 + Level 0.4 Throwing
 - Level 3.2 Armour
 - Level 4.4 Shields


You had 4 spell levels left.
You didn't know any spells.
Your spell library was empty.

Inventory:

Hand Weapons
 c - a +0 mace
 Y - a +0 war axe (weapon)
Missiles
 b - 2 javelins (quivered)
Armour
 f - the +3 kite shield of Mental Paralysis (worn) {Harm rElec Dex-2 SInv}
   (You acquired it on level 1 of the Dungeon)

   Dex:       It affects your dexterity (-2).
   rElec:     It insulates you from electricity.
   SInv:      It lets you see invisible.
   Harm:      It increases damage dealt and taken.
 j - a +0 plate armour (worn)
Jewellery
 e - a +4 ring of evasion (left hand)
Scrolls
 a - 2 scrolls of identify
Potions
 d - a potion of might
 g - a potion of attraction
 i - a potion of resistance {unknown}
 k - a potion of mutation {unknown}
 l - a potion of flight {unknown}
 m - a potion of cancellation

Dungeon Overview and Level Annotations

Branches:
Dungeon (3/15)

Altars:

Annotations:
D:3 Grinder


Message History

Grinder hits you! Grinder gestures at you. Pain shoots through your body!
You hit Grinder.
Grinder is lightly wounded.
Grinder hits you but does no damage.
You closely miss Grinder.
Grinder is lightly wounded.
Grinder blinks!
2106 ||| Stepping ~*~*~tactically~*~*~ (hiding).
2107 ||| Stepping ~*~*~tactically~*~*~ (hiding).
You start resting.
Grinder is nearby!
Grinder gestures at you.
You suddenly lose the ability to move!
Grinder blinks!
Grinder gestures at you. Pain shoots through your body!
You can move again.
You completely miss Grinder.
Grinder is lightly wounded.
Grinder hits you but does no damage. You block Grinder's attack.
You barely miss Grinder.
Grinder is lightly wounded.
Grinder hits you but does no damage.
You barely miss Grinder.
Grinder is lightly wounded.
Grinder gestures at you.
You suddenly lose the ability to move!
Grinder hits you. Grinder hits you but does no damage.
You can move again.
You slash Grinder!
Grinder is heavily wounded.
Grinder gestures at you. Pain shoots through your body!
You slash Grinder!
Grinder is severely wounded.
Grinder gestures at you. Pain shoots through your body!
You die...

## .. ##. # ..
#.### .# #....#.#
#...# ####@##
####.%5.#
..#.##......#
#####.#.####..(...
....#.#.#####.##..
#...........#
..#####.....#....
##
.....##..........
...
#..?...#.#####.


You could see Grinder.

Vanquished Creatures
  An iguana (D:3)
  5 adders
  A gnoll (D:1)
  A worm (D:2)
  3 dart slugs
  11 ball pythons
  4 endoplasms (D:1)
  3 giant cockroaches
  A goblin (D:1)
  2 hobgoblins
  4 jackals (D:2)
  4 kobolds
  3 quokkas
  2 bats
  3 frilled lizards
  4 rats
52 creatures vanquished.

Notes
Turn   | Place    | Note
-------+----------+-------------------------------------------
     0 | D:1      | qw the Gargoyle Fighter began the quest for the Orb.
     0 | D:1      | Reached XP level 1. HP: 14/14 MP: 1/1
     0 | D:1      | 0 ||| qw: Version: 0.2-a-10-g37ed214
     0 | D:1      | 0 ||| qw: Game counter: 679
     0 | D:1      | 0 ||| qw: Always use a shield: true
     0 | D:1      | 0 ||| qw: God list: Okawaru
     0 | D:1      | 0 ||| qw: Allow faded altars: false
     0 | D:1      | 0 ||| qw: Do Orc after D:15 true
     0 | D:1      | 0 ||| qw: Do second Lair branch before Depths: true
     0 | D:1      | 0 ||| qw: Lair rune preference: random
     0 | D:1      | 0 ||| qw: Plans: Normal, Zot:1-4, God:TSO, Crypt, Tomb,
                  | Pan, Slime:5, Hells, Abyss, Orb
     0 | D:1      | 0 ||| PLANNING D:1-11
   152 | D:1      | Reached XP level 2. HP: 19/19 MP: 2/2
   366 | D:1      | Reached skill level 3 in Axes
   406 | D:1      | Reached XP level 3. HP: 23/23 MP: 3/3
   406 | D:1      | 406 ||| Stepping ~*~*~tactically~*~*~ (stealth).
   408 | D:1      | 408 ||| Stepping ~*~*~tactically~*~*~ (hiding).
   410 | D:1      | 410 ||| Stepping ~*~*~tactically~*~*~ (hiding).
  1240 | D:1      | 1240 ||| UPGRADING to +4 ring of evasion.
  1241 | D:1      | 1241 ||| READING 2 scrolls labelled BESYG CAAKEUGUXT.
  1242 | D:1      | 1242 ||| READING scroll labelled DIOLETT NOPPO.
  1243 | D:1      | 1243 ||| READING scroll labelled PIHIAK DEYTIA.
  1243 | D:1      | Identified a scroll of acquirement
  1243 | D:1      | 1243 ||| ACQUIRING +3 kite shield of Mental Paralysis {Harm
                  | rElec Dex-2 SInv}
  1243 | D:1      | Acquired the +3 kite shield of Mental Paralysis {Harm rElec
                  | Dex-2 SInv}
  1245 | D:1      | 1245 ||| UPGRADING to +3 kite shield of Mental Paralysis
                  | {Harm rElec Dex-2 SInv}.
  1255 | D:1      | 1255 ||| DROPPING +0 buckler.
  1256 | D:1      | 1256 ||| READING scroll labelled BUG DUYDDAUCHU.
  1298 | D:2      | 1298 ||| STAIRDANCE
  1453 | D:2      | 1453 ||| DROPPING +0 club.
  1480 | D:2      | Reached XP level 4. HP: 24/28 MP: 4/4
  1795 | D:2      | 1795 ||| UPGRADING to +0 plate armour.
  1805 | D:2      | 1805 ||| DROPPING +0 scale mail.
  1806 | D:2      | 1806 ||| READING scroll labelled CIKAS VINEO.
  1807 | D:2      | 1807 ||| READING 3 scrolls of identify.
  1807 | D:2      | 1807 ||| IDENTIFYING viscous golden potion
  1808 | D:2      | 1808 ||| READING 2 scrolls of identify.
  1808 | D:2      | 1808 ||| IDENTIFYING grey potion
  1809 | D:2      | 1809 ||| DROPPING potion of ambrosia.
  1882 | D:3      | 1882 ||| Stepping ~*~*~tactically~*~*~ (stealth).
  1912 | D:3      | 1912 ||| FLEEEEING.
  1914 | D:3      | 1914 ||| FLEEEEING.
  1915 | D:3      | 1915 ||| FLEEEEING.
  1916 | D:3      | 1916 ||| FLEEEEING.
  1917 | D:3      | 1917 ||| STAIRDANCE
  1946 | D:2      | 1946 ||| DRINKING 2 emerald potions.
  1949 | D:3      | 1949 ||| STAIRDANCE
  1955 | D:3      | Reached XP level 5. HP: 24/32 MP: 5/5
  1959 | D:3      | 1959 ||| STAIRDANCE
  2099 | D:3      | Noticed Grinder
  2106 | D:3      | 2106 ||| Stepping ~*~*~tactically~*~*~ (hiding).
  2107 | D:3      | 2107 ||| Stepping ~*~*~tactically~*~*~ (hiding).
  2109 | D:3      | Paralysed by Grinder for 5 turns
  2116 | D:3      | Paralysed by Grinder for 2 turns
  2116 | D:3      | HP: 8/32 [Grinder (2)]
  2118 | D:3      | HP: 1/32 [Grinder/nerve-wracking pain (7)]
  2119 | D:3      | Killed from afar by Grinder

Levels and vault maps discovered:
D:1:      beargit_arrival_greenhouse, layout_loops_corners
D:2:      layout_basic
D:3:      layout_rooms, skrybe_limestone_x, uniq_grinder

Skill      XL: |  1  2  3  4 |
---------------+-------------+-----
Axes           | 2 3 4 |  4.0
Shields        | 4 |  4.4
Fighting       | |  3.2
Throwing       | |  0.4
Armour         | |  3.2

Action                   |  1- 3 |  4- 6 || total
-------------------------+-------+-------++-------
Melee: War axe           |    80 |    82 ||   162
Throw: Javelin           |       |     1 ||     1
  Use: Scroll            |     4 |     3 ||     7
       Potion            |       |     1 ||     1
Armor: Scale mail        |    33 |    18 ||    51
       Plate armour      |       |    19 ||    19
Dodge: Dodged            |    40 |    41 ||    81
Block: Buckler           |     3 |       ||     3
       Kite shield       |    26 |    55 ||    81

Table legend:
 A = Non-vault XP
 B = Vault XP
 C = Vault XP percentage of total XP
 D = Non-vault monster count
 E = Vault monster count
 F = Vault count percentage of total count
                 A         B        C        D         E       F
            +---------+---------+-------+---------+---------+-------
      Total |     199 |       0 |   0.0 |      52 |       0 |   0.0
            +---------+---------+-------+---------+---------+-------
        D:1 |      56 |       0 |   0.0 |      24 |       0 |   0.0
        D:2 |      61 |       0 |   0.0 |      20 |       0 |   0.0
        D:3 |      82 |       0 |   0.0 |       8 |       0 |   0.0
            +---------+---------+-------+---------+---------+-------
